 Dungeon Crawl Stone Soup version 0.28.0-1-gb440e238dd (webtiles) character file.

Game seed: 9880344229042693271

301 RascalDebosk the Firebug (level 6, -6/48 HPs)
             Began as a Draconian Fire Elementalist on Feb 21, 2022.
             Mangled by a gnoll sergeant (12 damage)
             ... on level 3 of the Dungeon.
             The game lasted 00:58:00 (4533 turns).

RascalDebosk the Firebug (DrFE)                     Turns: 4533, Time: 00:58:00

Health: -6/48      AC:  6    Str: 10    XL:     6   Next: 14%
Magic:  1/9        EV: 12    Int: 17    God:
Gold:   112        SH:  0    Dex: 12    Spells: 3/9 levels left

rFire   . . .      SeeInvis .   g - +2 mace (vorpal)
rCold   . . .      Faith    .   (no shield)
rNeg    . . .      Spirit   .   (armour unavailable)
rPois   .          Reflect  .   (helmet restricted)
rElec   .          Harm     .   (no cloak)
rCorr   .          Rampage  .   (no gloves)
Will    .....                   (no boots)
Stlth   ++........              (no amulet)
HPRegen 0.16/turn               (no ring)
MPRegen 0.11/turn               (no ring)

@: very slightly contaminated
A: AC +6, unfitting armour, cold-blooded
a: no special abilities


You were on level 3 of the Dungeon.
You visited 1 branch of the dungeon, and saw 4 of its levels.

You collected 112 gold pieces.

Inventory:

Hand Weapons
 b - a +0 spear
 c - a +0 dagger
 g - a +2 vorpal mace (weapon)
 n - a +1 short sword of speed
Wands
 j - a wand of digging (16)
Scrolls
 a - 2 scrolls of noise {unknown}
 m - 2 scrolls of vulnerability {unknown}
 p - a scroll of holy word {unknown}
Potions
 d - 3 potions of curing {unknown}
 e - a potion of degeneration {unknown}
 f - 2 potions of brilliance {unknown}
 h - a potion of invisibility {unknown}
 i - 2 potions of might {unknown}
 k - a potion of flight {unknown}
 l - a potion of cancellation {unknown}
 o - a potion of magic {unknown}


   Skills:
 + Level 2.0 Fighting
 + Level 1.5 Staves
 + Level 2.4 Dodging
 + Level 2.5 Stealth
 + Level 2.4 Spellcasting
 * Level 2.8 Conjurations
 * Level 1.6 Hexes
 * Level 4.0 Fire Magic


You had 3 spell levels left.
You knew the following spells:

 Your Spells              Type           Power      Damage    Failure   Level
a - Foxfire               Conj/Fire      52%        2x1d6     4%          1
b - Scorch                Fire           30%        2d7       5%          2
c - Inner Flame           Hex/Fire       11%        N/A       17%         3

Your spell library contained the following spells:

 Spells                   Type           Power      Damage    Failure   Level
 Conjure Flame            Conj/Fire      13%        6-21      14%         3
 Confusing Touch          Hex            7%         N/A       28%         3
 Flame Wave               Conj/Fire      13%        2d6       41%         4
 Yara's Violent Unravell  Hex/Tmut       2%         3d3       98%         5
 Conjure Ball Lightning   Conj/Air       3%         3x3d6     100%        6
 Enfeeble                 Hex            3%         N/A       100%        7
 Discord                  Hex            3%         N/A       100%        8
 Disjunction              Tloc           1%         N/A       100%        8


Dungeon Overview and Level Annotations

Branches:
Dungeon (4/15)
 Temple: D:4-7

Altars:
Hepliaklqana
Uskayaw
Zin


Innate Abilities, Weirdness & Mutations

Your plain brown scales are hard. (AC +6)
You cannot fit into any form of body armour.
You are cold-blooded and may be slowed by cold attacks.


Message History

You climb downwards.
The gnoll closely misses you.
The gnoll sergeant hits you but does no damage.
There is a stone staircase leading up, spattered with blood here.
Casting: Foxfire (safe; 4% risk of failure)
Confirm with . or Enter, or press ? or * to list all spells.
Flames lash the gnoll.
The gnoll is severely wounded.
The gnoll's fire resistance burns away.
The gnoll sergeant hits you with a +0 trident.
The gnoll hits you from afar with a +0 spear.
Casting: Scorch (safe; 5% risk of failure)
Confirm with . or Enter, or press ? or * to list all spells.
You miscast Scorch.
You are very lightly contaminated with residual magic.
Nothing appears to happen.
The gnoll sergeant hits you with a +0 trident!
The gnoll hits you from afar with a +0 spear.
Casting: Scorch (safe; 5% risk of failure)
Confirm with . or Enter, or press ? or * to list all spells.
Flames lash the gnoll sergeant but do no damage.
The gnoll sergeant hits you with a +0 trident!
The gnoll barely misses you.
The gnoll sergeant hits you with a +0 trident!
* * * LOW HITPOINT WARNING * * *
The gnoll hits you from afar with a +0 spear.
* * * LOW HITPOINT WARNING * * *
You climb upwards.
There is a stone staircase leading down here.
Casting: Foxfire (safe; 4% risk of failure)
Press: ? - help, Q - select action, (/) - cycle Dir - look around, f - activate You conjure some foxfire!
The gnoll sergeant hits you but does no damage.
Casting: Foxfire (safe; 4% risk of failure)
Press: ? - help, Q - select action, (/) - cycle Dir - look around, f - activate You conjure some foxfire!
The foxfire hits the gnoll sergeant but does no damage.
The foxfire hits the gnoll sergeant.
The gnoll sergeant is lightly wounded.
The gnoll sergeant hits you with a +0 trident!
You die...

.'.................#.#....[...#.#
.#.....#..........##.#........#.#
.......#..........##.#........#.#
#.##...#..........'..#........#.#
..##...#..........##.#........#.#
####...######.....##.#........#.#
#...# #.....##.#........#.# #...#
#..vg.##.##'#######.. #...#
#..v@................ #...#
###))ยง............... #...#
#.....############# ##### #.....#
#....[# #.....# #.....# #.....#
#.....#


You could see a gnoll sergeant (ally target).

Vanquished Creatures
  2 hounds
  Jessica (D:2)
  Ijyb (D:3)
  2 hound skeletons (D:4)
  3 gnolls
  2 adders (D:2)
  6 worms
  2 dart slugs (D:3)
  7 orcs (D:3)
  7 bats
  7 endoplasms
  2 giant cockroaches
  6 goblins
  5 hobgoblins
  10 kobolds
  3 quokkas
  10 ball pythons
  5 frilled lizards
  9 rats
  A bush (D:3)
91 creatures vanquished.

Vanquished Creatures (collateral kills)
  6 foxfires (D:3)
6 creatures vanquished.

Vanquished Creatures (others)
  238 foxfires
238 creatures vanquished.

Grand Total: 335 creatures vanquished

Notes
Turn   | Place    | Note
-------+----------+-------------------------------------------
     0 | D:1      | RascalDebosk the Draconian Fire Elementalist began the
                  | quest for the Orb.
     0 | D:1      | Reached XP level 1. HP: 14/14 MP: 3/3
   759 | D:1      | Reached XP level 2. HP: 20/20 MP: 0/5
   939 | D:1      | Found a faded altar of an unknown god.
  1173 | D:1      | Reached XP level 3. HP: 24/27 MP: 0/6
  1176 | D:1      | Learned a level 2 spell: Scorch
  1180 | D:1      | Learned a level 3 spell: Inner Flame
  1625 | D:2      | Reached skill level 1 in Fighting
  1893 | D:2      | Reached XP level 4. HP: 35/35 MP: 7/7
  2187 | D:2      | Noticed Jessica
  2195 | D:2      | Killed Jessica
  2282 | D:2      | Reached skill level 1 in Hexes
  2482 | D:3      | Found a hide-covered altar of Uskayaw.
  2495 | D:3      | Reached skill level 1 in Staves
  2711 | D:3      | Noticed Ijyb
  2725 | D:3      | Killed Ijyb
  2726 | D:3      | Reached XP level 5. HP: 33/40 MP: 4/8
  2821 | D:3      | Found a glowing silver altar of Zin.
  4039 | D:4      | Found a hazy altar of Hepliaklqana.
  4069 | D:4      | Reached skill level 4 in Fire Magic
  4069 | D:4      | Reached XP level 6. HP: 48/48 MP: 0/9
  4533 | D:3      | Mangled by a gnoll sergeant

Illustrated notes

Levels and vault maps discovered:
D:1:      wander_arrival_fairy_ring, layout_loops_ring,
          nicolae_ecumenical_snake_handling, minmay_octomino_c4
D:2:      layout_rooms, uniq_jessica
D:3:      layout_basic, eat_drink_and_be_merry_uskayaw,
          overflow_temple_1_default, minivault_25, minmay_hedge_maze, uniq_ijyb
D:4:      layout_basic, nicolae_overflow_hidden_temple,
          mainiacjoe_overflow_small_starburst, temple_doors_e

Skill      XL: |  1  2  3  4  5 |
---------------+----------------+-----
Stealth        | 2 |  2.5
Dodging        | 2 |  2.4
Fighting       | 1 2 |  2.0
Conjurations   | 2 |  2.8
Hexes          | 1 |  1.6
Staves         | 1 |  1.5
Fire Magic     | 4 |  4.0
Spellcasting   | |  2.4

Action                   |  1- 3 |  4- 6 || total
-------------------------+-------+-------++-------
Melee: Unarmed           |     2 |       ||     2
       Tailslap          |     3 |    33 ||    36
       Spear             |    14 |       ||    14
       Mace              |     1 |   113 ||   114
       Punch             |       |     3 ||     3
 Cast: Foxfire           |    58 |    83 ||   141
       Scorch            |       |    20 ||    20
 Stab: Sleeping          |     2 |       ||     2
Armor: Skin              |    10 |    20 ||    30
Dodge: Dodged            |    29 |    53 ||    82
